 Dungeon Crawl Stone Soup version 0.31-a0-232-gb1c03b2570 (webtiles) character file.

Game seed: 16800011444647817321

81 qw the Shooter (level 4, -2/26 HPs)
             Began as a Gargoyle Hexslinger on July 7, 2023.
             Slain by Pargi (3 damage)
             ... on level 3 of the Dungeon.
             The game lasted 00:00:57 (1733 turns).

qw the Shooter (Gargoyle Hexslinger)                Turns: 1733, Time: 00:00:58

Health: -2/26      AC:  7    Str: 11    XL:     4   Next: 42%
Magic:  5/5        EV: 12    Int: 14    God:
Gold:   163        SH:  0    Dex: 14    Spells: 4/5 levels left

rFire   . . .        Y - +1 sling
rCold   . . .        (no shield)
rNeg    + . .        c - +0 robe
rPois   inf          (no helmet)
rElec   +            (no cloak)
rCorr   .            j - +0 pair of gloves
SInv    .            b - +0 pair of boots
Will    .....        (no amulet)
Stlth   +            (no ring)
HPRegen 0.24/turn    (no ring)
MPRegen 0.09/turn

%: no passive effects
@: no status effects
A: sickness immunity, AC +3, negative energy resistance 1, electricity
resistance, torment resistance 1, petrification resistance
a: no special abilities


You were on level 3 of the Dungeon.
You visited 1 branch of the dungeon, and saw 3 of its levels.

You collected 163 gold pieces.


Innate Abilities, Weirdness & Mutations

You are immune to sickness and miasma.
Your stone body is resilient. (AC +3)
You are immune to poison.
You resist negative energy. (rN+)
You are resistant to electric shocks. (rElec)
You are resistant to unholy torment.
You are immune to petrification.


   Skills:
 - Level 2.0 Fighting
 + Level 4.2 Ranged Weapons
 - Level 1.5 Dodging
 - Level 1.0 Spellcasting
 - Level 2.6 Hexes


You had 4 spell levels left.
You knew the following spells:

 Your Spells              Type           Power      Damage    Failure   Level
a - Slow                  Hex            32%        N/A       9%          1

Your spell library contained the following spells:

 Spells                   Type           Power      Damage    Failure   Level
 Inner Flame              Hex/Fire       4%         N/A       41%         3
 Portal Projectile        Hex/Tloc       8%         N/A       41%         3
 Cause Fear               Hex            4%         N/A       65%         4

Inventory:

Hand Weapons
 Y - a +1 sling (weapon)
Armour
 b - a +0 pair of boots (worn)
 c - a +0 robe (worn)
 j - a +0 pair of gloves (worn)
Scrolls
 h - 2 scrolls of identify
 i - a scroll of amnesia {unknown}
 n - a scroll of fear {unknown}
Potions
 d - a potion of resistance {unknown}
 e - a potion of berserk rage {unknown}
 f - 2 potions of attraction {unknown}
 g - a potion of lignification {unknown}
 k - a potion of might {unknown}
 l - a potion of curing {unknown}
 m - a potion of degeneration {unknown}

Dungeon Overview and Level Annotations

Branches:
Dungeon (3/15)

Altars:

Annotations:
D:3 Pargi


Message History

You shoot a sling bullet. The sling bullet hits Pargi.
Pargi is lightly wounded.
You shoot a sling bullet.
The sling bullet hits Pargi but does no damage.
Pargi is lightly wounded.
You shoot a sling bullet. The sling bullet hits Pargi.
Pargi is lightly wounded.
Pargi closely misses you. x2; Pargi claws you but does no damage.
You shoot a sling bullet. The sling bullet hits Pargi.
Pargi is moderately wounded.
Pargi barely misses you. x2; Pargi claws you but does no damage.
You shoot a sling bullet. The sling bullet hits Pargi.
Pargi is moderately wounded.
Pargi barely misses you. Pargi claws you. Pargi closely misses you.
Pargi bites you. Pargi closely misses you. Pargi misses you.
You shoot a sling bullet. The sling bullet barely misses Pargi.
Pargi bites you. Pargi barely misses you. x2
You shoot a sling bullet. The sling bullet closely misses Pargi.
Pargi barely misses you. Pargi claws you but does no damage. Pargi claws you.
You shoot a sling bullet. The sling bullet hits Pargi.
Pargi is moderately wounded.
Pargi bites you. Pargi claws you. Pargi misses you.
You shoot a sling bullet. The sling bullet hits Pargi.
Pargi is heavily wounded.
Pargi misses you. Pargi claws you but does no damage. Pargi misses you.
You shoot a sling bullet. The sling bullet hits Pargi.
Pargi is severely wounded.
Pargi bites you. Pargi claws you. Pargi misses you.
Pargi bites you but does no damage. Pargi claws you but does no damage.
Pargi completely misses you.
You shoot a sling bullet. The sling bullet barely misses Pargi.
Pargi bites you. Pargi claws you but does no damage. Pargi closely misses you.
You shoot a sling bullet. The sling bullet closely misses Pargi.
Pargi closely misses you. Pargi claws you but does no damage. x2
You shoot a sling bullet. The sling bullet hits Pargi.
Pargi is severely wounded.
Pargi misses you. Pargi claws you. Pargi closely misses you.
You shoot a sling bullet. The sling bullet barely misses Pargi.
Pargi bites you! Pargi claws you.
You die...

#.. ##.......## ##. #........$#
############. #.........#
#........##.. ....##.........#
#........##.. ....##....|....#
#........##.. ....##.........#
####........##..
....##.........###...............
....##.........T@..##........##..
....##.........######........##..
....##.........######.>......##..
##.#.........................###.
.....##....#############.#.### #.
##.#####...#.............#.# ..
##...#######.####.####.#...# ..
.#....# #.#..'.'..#.#...###...
......######.#}.#.#..#.#.........


You could see Pargi.

Vanquished Creatures
  An adder (D:2)
  A shadow imp (D:3)
  A worm (D:2)
  A dart slug (D:1)
  4 ball pythons
  5 bats
  9 endoplasms
  A giant cockroach (D:1)
  6 goblins
  8 hobgoblins
  6 kobolds
  A quokka (D:2)
  3 frilled lizards
  6 rats
53 creatures vanquished.

Notes
Turn   | Place    | Note
-------+----------+-------------------------------------------
     0 | D:1      | qw the Gargoyle Hexslinger began the quest for the Orb.
     0 | D:1      | Reached XP level 1. HP: 12/12 MP: 2/2
     0 | D:1      | 0 ||| qw: Version: 0.3-a-46-gb1f654a
     0 | D:1      | 0 ||| qw: Game counter: 2188
     0 | D:1      | 0 ||| qw: Melee chars always use a shield: true
     0 | D:1      | 0 ||| qw: God list: Okawaru
     0 | D:1      | 0 ||| qw: Allow faded altars: false
     0 | D:1      | 0 ||| qw: Do Orc after clearing Dungeon:15 true
     0 | D:1      | 0 ||| qw: Do second Lair branch before Depths: true
     0 | D:1      | 0 ||| qw: Lair rune preference: random
     0 | D:1      | 0 ||| qw: Goals: Normal
     0 | D:1      | 0 ||| PLANNING D:1-11
   169 | D:1      | Reached XP level 2. HP: 16/16 MP: 3/3
   383 | D:1      | Reached skill level 3 in Ranged Weapons
   437 | D:1      | Found a faded altar of an unknown god.
   570 | D:1      | Reached XP level 3. HP: 21/21 MP: 4/4
   636 | D:1      | 636 ||| UPGRADING to +0 pair of gloves.
   641 | D:1      | 641 ||| READING 2 scrolls labelled PYFAEV CUSIZE.
   646 | D:1      | 646 ||| READING scroll labelled UPROUV JUIMENTER.
   647 | D:1      | 647 ||| READING scroll labelled LOJOTI ZORE.
   648 | D:1      | 648 ||| DROPPING scroll of poison.
   700 | D:2      | Identified the +3 war axe "Konaytz" {holy, rElec Str+4
                  | SInv}
   963 | D:2      | HP: 1/21 [worm (7)]
   964 | D:2      | 964 ||| READING 2 scrolls of teleportation.
  1085 | D:2      | Reached XP level 4. HP: 19/26 MP: 5/5
  1217 | D:2      | 1217 ||| UPGRADING to +0 pair of boots.
  1250 | D:3      | 1250 ||| STAIRDANCE
  1305 | D:3      | Reached skill level 4 in Ranged Weapons
  1580 | D:3      | Noticed Pargi
  1601 | D:3      | HP: 5/26 [Pargi (2)]
  1601 | D:3      | HP: 2/26 [Pargi (3)]
  1602 | D:3      | 1602 ||| READING scroll of teleportation.
  1733 | D:3      | HP: 1/26 [Pargi (7)]
  1733 | D:3      | Slain by Pargi

Levels and vault maps discovered:
D:1:      psy_arrival_dodecagon, layout_loops_ring,
          shapermc_ecumenical_altar_mp_highgroup
D:2:      layout_basic
D:3:      minmay_door_path, layout_rooms, mainiacjoe_overflow_large_starburst,
          uniq_pargi

Skill      XL: |  1  2  3  4 |
---------------+-------------+-----
Ranged Weapons | 3 4 |  4.2
Fighting       | 2 |  2.0
Dodging        | |  1.5
Spellcasting   | |  1.0
Hexes          | |  2.6

Action                     |  1- 3 |  4- 6 || total
---------------------------+-------+-------++-------
   Fire: Sling             |   180 |    94 ||   274
    Use: Scroll            |     4 |     1 ||     5
 Armour: Robe              |    34 |    45 ||    79
  Dodge: Dodged            |    70 |    71 ||   141

Table legend:
 A = Non-vault XP
 B = Vault XP
 C = Vault XP percentage of total XP
 D = Non-vault monster count
 E = Vault monster count
 F = Vault count percentage of total count
                 A         B        C        D         E       F
            +---------+---------+-------+---------+---------+-------
      Total |     104 |      13 |  11.1 |      51 |       2 |   3.8
            +---------+---------+-------+---------+---------+-------
        D:1 |      35 |       0 |   0.0 |      18 |       0 |   0.0
        D:2 |      58 |       0 |   0.0 |      26 |       0 |   0.0
        D:3 |      11 |      13 |  54.2 |       7 |       2 |  22.2
            +---------+---------+-------+---------+---------+-------
